cohdb
Replays
Latest Replays
All Replays
Popular Replays
Top Player Replays
Match Explorer
How It Works
Community
CoH3 Stats
Reddit
Sign in to upload your games and track your stats! →
Sign in with Steam
Match 39738810
Unlisted
Match 39738810
Overview
Messages
Build Orders
End
Kradschützen Motorcycle Team
Kradschützen Motorcycle Team
Panzergrenadier Squad
Construct Light Support Kompanie
Assault Grenadier Squad
Construct Mechanized Kompanie
Selects Italian Infantry
Selects Guastatori Squad
Selects L6/40 Light Tank Combat Group
MG34 Team
L6/40 Light Tank Combat Group
Panzerjäger Mechanized Group
Support Armor Elements
Pak 38 Anti-tank Gun Team
Pak 38 Anti-tank Gun Team
Saueee
Zazzels_ZA
0
0
Comments
sign in to comment!
No comments posted yet!